 Dungeon Crawl Stone Soup version 0.29-a0-982-gaed3a0c8d8 (webtiles) character file.

Game seed: 6412299678533511271

185 xian the Magician (level 5, 0/55 HPs)
             Began as a Demonspawn Hedge Wizard on Aug 1, 2022.
             Succumbed to an adder's poison
             ... on level 4 of the Dungeon.
             The game lasted 00:07:24 (2698 turns).

xian the Magician (Demonspawn Hedge Wizard)         Turns: 2698, Time: 00:07:24

Health: 0/55       AC: 22    Str: 10    XL:     5   Next: 37%
Magic:  10/10      EV:  2    Int: 15    God:
Gold:   172        SH:  0    Dex: 15    Spells: 1/10 levels left

rFire   + . .      SeeInvis .   a - +0 dagger
rCold   x . .      Faith    .   (no shield)
rNeg    . . .      Spirit   .   (body armour currently unavailable)
rPois   +          Reflect  .   (helmet currently unavailable)
rElec   .          Harm     .   (cloak currently unavailable)
rCorr   .          Rampage  .   (gloves currently unavailable)
Will    .....      NoTele   +   (boots currently unavailable)
Stlth   +.........              (no amulet)
HPRegen 0.18/turn               j - ring of fire
MPRegen 0.12/turn               (no ring)

@: mighty, lethally poisoned (0 -> -1), lit by a corona, tree-form, glowing
A: stationary, stasis, torment immunity, boosted hp, (spiny 1), (sanguine armour
1)
a: no special abilities


You were on level 4 of the Dungeon.
You were a tree.
You visited 1 branch of the dungeon, and saw 4 of its levels.

You collected 172 gold pieces.

Inventory:

Hand Weapons
 a - a +0 dagger (weapon)
 f - a +1 sling of freezing
Armour
 c - a +0 hat (melded)
 n - a +1 leather armour of fire resistance (melded)
Jewellery
 j - a ring of fire (left branch)
Scrolls
 b - 3 scrolls of teleportation
 h - a scroll of torment
 i - a scroll of enchant weapon {unknown}
 m - 2 scrolls of blinking
Potions
 d - a potion of magic


   Skills:
 + Level 1.3 Fighting
 + Level 3.3 Ranged Weapons
 + Level 1.2 Armour
 + Level 2.2 Dodging
 + Level 1.8 Stealth
 + Level 3.4 Spellcasting
 + Level 1.1 Conjurations
 + Level 1.0 Summonings
 + Level 0.8 Translocations


You had one spell level left.
You knew the following spells:

 Your Spells              Type           Power      Damage    Failure   Level
a - Magic Dart            Conj           20%        1d4       12%         1
b - Slow                  Hex            8%         N/A       19%         1
c - Call Imp              Summ           5%         N/A       19%         2
d - Blink                 Tloc           10%        N/A       21%         2
e - Mephitic Cloud        Conj/Pois/Air  3%         N/A       45%         3

Your spell library contained the following spells:

 Spells                   Type           Power      Damage    Failure   Level
 Conjure Flame            Conj/Fire      6%         6-21      43%         3


Dungeon Overview and Level Annotations

Branches:
Dungeon (4/15)
 Temple: D:4-7

Altars:
Hepliaklqana

Annotations:
D:4 Dowan, Duvessa


Innate Abilities, Weirdness & Mutations

You are a tree.
Your roots penetrate the ground, keeping you stationary.
You cannot be teleported.
You are immune to unholy pain and torment.
Your maximum health is greatly increased.
Your equipment is partially melded.
((You are partially covered in sharp spines.))
((When seriously injured, your blood forms armour. (AC +0)))


Message History

* * * LOW HITPOINT WARNING * * *
The adder bites you but does no damage. Dowan casts a spell at you.
The puff of flame hits you. You resist.
* * * LOW HITPOINT WARNING * * *
The dart slug is struck by your spines. The dart slug closely misses you.
The adder attacks as you move away! The adder completely misses you.
Duvessa barely misses you. Dowan gestures at you while chanting.
The puff of flame misses you. The adder bites you.
* * * LOW HITPOINT WARNING * * *
You are lethally poisoned!
The adder poisons you! Duvessa attacks as you move away!
Duvessa hits you but does no damage.
Your surroundings suddenly seem different.
* * * LOW HITPOINT WARNING * * *
You feel sick.
It was a potion of lignification.
You turn into a tree.
Your +0 hat melds into your body.
Your +1 leather armour of fire resistance melds into your body.
You feel less resistant to fire.
Your roots penetrate the ground.
Your blood armour dries and flakes away.
* * * LOW HITPOINT WARNING * * *
You feel sick.
As you read the scroll of identify, it crumbles to dust.
m - 2 scrolls of blinking
* * * LOW HITPOINT WARNING * * *
You feel sick.
There is a lethal amount of poison in your body!
You cannot move.
You cannot move.
You cannot move.
You cannot teleport because you are held in place by your roots.
Unknown command.
As you read the scroll of butterflies, it crumbles to dust.
You hear the tinkle of a tiny bell.
* * * LOW HITPOINT WARNING * * *
You feel sick.
There is a lethal amount of poison in your body!
You die...

...<................#...#
....####..........#.#.###
#...................#.#
#..####.#..#........#.#
#.....#.#..#.#....#.#.#
###.#.#.#..#.#.#..#.#.#
......#....#.#bbbb#.#.###
##....##...#..bbb##.....#
##.#..##...###bb♣bb######
.#....##...###b###b#
.'.............# #.#
.###..###.########.# ##
##.# #.# #......# #.###.#
#.###### #..##.# #.#
##.##.# #.# #.##.# #.#


There were no monsters in sight!

Vanquished Creatures
  2 orc priests (D:3)
  An iguana (D:4)
  An orc wizard (D:3)
  2 worms
  A dart slug (D:1)
  8 bats
  8 endoplasms
  14 giant cockroaches
  4 hobgoblins
  4 quokkas
  4 ball pythons
  A frilled lizard (D:3)
  4 goblins
  2 kobolds (D:3)
  5 rats
61 creatures vanquished.

Notes
Turn   | Place    | Note
-------+----------+-------------------------------------------
     0 | D:1      | xian the Demonspawn Hedge Wizard began the quest for the
                  | Orb.
     0 | D:1      | Reached XP level 1. HP: 13/13 MP: 4/4
   255 | D:1      | Gained mutation: You are partially covered in sharp spines.
                  | [demonic ancestry]
   255 | D:1      | Reached XP level 2. HP: 19/19 MP: 6/6
   741 | D:2      | Reached skill level 1 in Ranged Weapons
   745 | D:2      | Gained mutation: When seriously injured, your blood forms
                  | armour. (AC +0) [demonic ancestry]
   745 | D:2      | Reached XP level 3. HP: 22/24 MP: 7/7
   877 | D:2      | Found a hazy altar of Hepliaklqana.
  1808 | D:3      | Reached XP level 4. HP: 14/31 MP: 9/9
  1881 | D:3      | Reached skill level 1 in Fighting
  1977 | D:3      | Reached skill level 1 in Armour
  1977 | D:3      | Reached XP level 5. HP: 20/37 MP: 10/10
  2241 | D:3      | Found a faded altar of an unknown god.
  2553 | D:4      | Identified the +1 pair of gloves of Darkness {rC+ Str+8
                  | Int-5}
  2651 | D:4      | Learned a level 1 spell: Slow
  2654 | D:4      | Learned a level 2 spell: Call Imp
  2657 | D:4      | Learned a level 2 spell: Blink
  2661 | D:4      | Learned a level 3 spell: Mephitic Cloud
  2676 | D:4      | Noticed Duvessa
  2678 | D:4      | Noticed Dowan
  2695 | D:4      | HP: 2/55 [poisoned by an adder]
  2698 | D:4      | Succumbed to an adder's poison

Illustrated notes

Levels and vault maps discovered:
D:1:      ebering_hopf_link, layout_basic
D:2:      minmay_roachtagon, layout_rooms, basic_altar
D:3:      layout_basic, shapermc_ecumenical_altar_mp_vishouse
D:4:      layout_basic, minmay_temple_entry_butterflies, uniq_duvessa

Skill      XL: |  1  2  3  4 |
---------------+-------------+-----
Dodging        | 2 |  2.2
Ranged Weapons | 1 2 3 |  3.3
Fighting       | 1 |  1.3
Armour         | 1 |  1.2
Stealth        | |  1.8
Spellcasting   | |  3.4
Conjurations   | |  1.1
Summonings     | |  1.0
Translocations | |  0.8

Action                   |  1- 3 |  4- 6 || total
-------------------------+-------+-------++-------
Melee: Dagger            |       |    19 ||    19
       Sling             |       |     2 ||     2
       Punch             |       |     1 ||     1
 Fire: Sling             |   129 |    34 ||   163
 Cast: Magic Dart        |     2 |       ||     2
       Slow              |       |     1 ||     1
  Use: Scroll            |     4 |     3 ||     7
       Potion            |       |     4 ||     4
Armor: Robe              |    10 |       ||    10
       Leather armour    |     3 |    29 ||    32
Dodge: Dodged            |    30 |    14 ||    44

Table legend: (Time is in decaauts)
 A = Elapsed time spent in this place.
 B = Non-inter-level travel time spent in this place.
 C = Inter-level travel time spent in this place.
 D = Time resting spent in this place.
 E = Time spent auto-exploring this place.
 F = Levels seen in this place.
 G = Mean time per level.
                   A        B        C        D        E       F      G
               +--------+--------+--------+--------+--------+-----+--------+
         Total |   2754 |   2692 |     62 |      0 |   2228 |   4 |  688.5 |
       Dungeon |   2754 |   2692 |     62 |      0 |   2228 |   4 |  688.5 |
               +--------+--------+--------+--------+--------+-----+--------+

Top non-repeatable levels by time:
     D:3: 1031 daAuts
     D:2: 844 daAuts
     D:1: 590 daAuts
     D:4: 288 daAuts
